 Dungeon Crawl Stone Soup version 0.23.0-28-g6fe0f4dc8b (webtiles) character file.

Game seed: 0

956 Ivernyr the Chiller (level 8, 0/62 HPs)
             Began as a Naga Ice Elementalist on Feb 26, 2019.
             Was a Priest of Cheibriados.
             Slain by a wight
             ... wielding a +1 trident
              (2 damage)
             ... on level 6 of the Dungeon.
             The game lasted 00:31:37 (5263 turns).

Ivernyr the Chiller (Naga Ice Elementalist)         Turns: 5263, Time: 00:31:38

Health: 0/62       AC:  3    Str: 17    XL:     8   Next: 14%
Magic:  0/14       EV:  9    Int: 26    God:    Cheibriados [***...]
Gold:   310        SH:  4    Dex: 18    Spells: 3/15 levels left

rFire    . . .     SeeInvis +   e - +1 mace (holy)
rCold    . . .     Gourm    .   j - +0 buckler
rNeg     . . .     Faith    .   a - +0 robe
rPois    +         Spirit   .   (no helmet)
rElec    .         Reflect  .   (no cloak)
rCorr    .         Harm     .   (no gloves)
MR       +....                  (no barding)
Stlth    ++........             o - amulet of magic regeneration
HPRegen  0.20/turn              k - ring of wizardry
MPRegen  0.39/turn              s - ring of wizardry

@: drained, very slow
A: large, see invisible, deformed body, poison resistance, slowness 2, slow
metabolism 1, spit poison 1, AC +2
a: Spit Poison, Bend Time, Temporal Distortion, Renounce Religion


You were on level 6 of the Dungeon.
You worshipped Cheibriados.
Cheibriados was most pleased with you.
You were hungry.

You visited 1 branch of the dungeon, and saw 6 of its levels.
You also visited: Sewer.

You collected 310 gold pieces.

Inventory:

Hand Weapons
 e - a +1 mace of holy wrath (weapon)
Armour
 a - a +0 robe (worn)
 j - a +0 buckler (worn)
Jewellery
 k - a ring of wizardry (left hand)
 o - an amulet of magic regeneration (around neck)
 s - a ring of wizardry (right hand)
Scrolls
 b - 5 scrolls of remove curse {unknown}
 f - 8 scrolls of enchant weapon {unknown}
 g - a scroll of immolation {unknown}
 h - 3 scrolls of teleportation {unknown}
 i - 5 scrolls of identify {unknown}
 m - 2 scrolls of amnesia {unknown}
 n - 2 scrolls of enchant armour {unknown}
Potions
 d - a potion of heal wounds {unknown}
 l - a potion of flight {unknown}
 p - 2 potions of ambrosia {unknown}
 q - a potion of curing {unknown}
 r - a potion of degeneration {unknown}
 t - a potion of resistance {unknown}
 u - a potion of magic {unknown}
Comestibles
 c - 14 rations


   Skills:
 - Level 2.0(1.0) Dodging
 - Level 3.0(1.9) Stealth
 - Level 2.5(1.5) Shields
 + Level 4.2(3.1) Spellcasting
 + Level 3.4(2.3) Conjurations
 * Level 6.5(5.4) Ice Magic
 + Level 1.7(0.7) Invocations


You had 3 spell levels left.
You knew the following spells:

 Your Spells              Type           Power        Failure   Level  Hunger
a - Freeze                Ice            ####         1%          1    None
b - Ozocubu's Armour      Chrm/Ice       ###.....     3%          3    ###....
c - Throw Icicle          Conj/Ice       ###.....     6%          4    ####...
d - Summon Ice Beast      Ice/Summ       ###.....     11%         4    ####...

Your spell library contained the following spells:

 Spells                   Type           Power        Failure   Level  Hunger
 Flame Tongue             Conj/Fire      ##...        1%          1    None
 Throw Frost              Conj/Ice       ###...       1%          2    #......
 Animate Skeleton         Necr           N/A          3%          1    None
 Pain                     Necr           #...         3%          1    None
 Throw Flame              Conj/Fire      ##....       3%          2    #......
 Conjure Flame            Conj/Fire      ##......     5%          3    ###....
 Inner Flame              Hex/Fire       #.......     9%          3    ###....
 Regeneration             Chrm/Necr      #.........   9%          3    ###....
 Vampiric Draining        Necr           #.........   9%          3    ###....
 Sticky Flame             Conj/Fire      ##......     17%         4    ####...
 Animate Dead             Necr           N/A          28%         4    ####...
 Fireball                 Conj/Fire      ##........   41%         5    ######.


Dungeon Overview and Level Annotations

Branches:
Dungeon (6/15)             Temple (0/1) D:5

Altars:
Ashenzari
Cheibriados
Dithmenos
Elyvilon
Qazlal
Ru
Uskayaw
Vehumet
Xom

Annotations:
D:4 3 runed translucent doors, mys's ghost, novice FoCK


Innate Abilities, Weirdness & Mutations

You cannot wear boots.
Your serpentine skin is tough. (AC +2)
You have supernaturally acute eyesight. (SInv)
Armour fits poorly on your strangely shaped body.
Your system is resistant to poisons. (rPois)
You cover ground very slowly.
You have a slow metabolism.
You can spit poison.


Message History

Aim: a wight, wielding a +1 trident and wearing a cursed +0 robe The shard of ice hits the wight!
The wight partially resists.
The wight is heavily damaged.
You block the wight's attack.
Your icy armour cracks and falls away as you move.
You block the wight's attack.
The wight hits you from afar with a +1 trident!
* * * LOW HITPOINT WARNING * * *
You feel drained.
* * * LOW HITPOINT WARNING * * *
Okay, then.
Casting: Throw Icicle (safe; 6% risk of failure)
Confirm with . or Enter, or press ? or * to list all spells.
Aiming: Throw Icicle (safe; 6% risk of failure)
Press: ? - help, Shift-Dir - straight line, f/p - wight
Aim: a wight, wielding a +1 trident and wearing a cursed +0 robe (heavily damaged)
The shard of ice hits the wight.
The wight partially resists.
The wight is almost destroyed.
The wight hits you from afar with a +1 trident.
You die...

####+#.#
#......#
#.....z#
#......#
#....z.#
#......######
#....†......%
#..?..#######
####.))z.@.<#
########....#
#.##..... #.#
#### #.# ..#
###


You could see a wight.

Vanquished Creatures
  A crocodile (Sewer)
  A water moccasin skeleton (D:4)
  A scorpion (D:5)
  3 wights (D:6)
  A bullfrog skeleton (D:5)
  2 hounds
  4 orc wizards
  3 centaur skeletons
  Natasha (D:3)
  4 worker ants
  A worker ant zombie (D:3)
  2 gnolls (D:3)
  10 adders
  An ooze (D:2)
  An adder skeleton (D:2)
  An adder zombie (D:6)
  8 worms
  A dart slug (D:1)
  4 leopard geckos
  9 orcs
  13 bats
  7 giant cockroaches
  11 goblins
  7 hobgoblins
  5 quokkas
  5 frilled lizards
  8 kobolds
  7 rats
122 creatures vanquished.

Notes
Turn   | Place    | Note
-------+----------+-------------------------------------------
     0 | D:1      | Ivernyr the Naga Ice Elementalist began the quest for the
                  | Orb.
     0 | D:1      | Reached XP level 1. HP: 15/15 MP: 3/3
   259 | D:1      | Reached XP level 2. HP: 22/22 MP: 5/5
  1541 | D:2      | Reached XP level 3. HP: 28/28 MP: 2/6
  1583 | D:2      | Learned a level 3 spell: Ozocubu's Armour
  2130 | D:2      | You fall through a shaft for 2 floors!
  2158 | D:4      | Reached XP level 4. HP: 36/36 MP: 7/7
  2174 | D:3      | Reached skill level 4 in Ice Magic
  2292 | D:3      | Learned a level 4 spell: Throw Icicle
  2300 | D:3      | Found a hide-covered altar of Uskayaw.
  2300 | D:3      | Found a radiant altar of Vehumet.
  2301 | D:3      | Found a shattered altar of Ashenzari.
  2301 | D:3      | Noticed Natasha
  2306 | D:3      | Killed Natasha
  2730 | D:2      | Found a shadowy altar of Dithmenos.
  2731 | D:2      | Found a shimmering altar of Xom.
  2731 | D:2      | Found a sacrificial altar of Ru.
  2732 | D:2      | Found a snail-covered altar of Cheibriados.
  2744 | D:2      | Became a worshipper of Cheibriados the Contemplative
  2762 | D:2      | Reached XP level 5. HP: 29/42 MP: 5/9
  3207 | D:3      | Reached skill level 1 in Shields
  3222 | D:3      | Found a stormy altar of Qazlal.
  3308 | D:3      | Found a white marble altar of Elyvilon.
  3426 | D:3      | Reached * piety under Cheibriados
  3744 | D:4      | Reached XP level 6. HP: 40/49 MP: 10/10
  3850 | D:4      | Reached skill level 5 in Ice Magic
  3904 | D:4      | Noticed mys's ghost (novice FoCK)
  4001 | D:4      | Found a runed translucent gate.
  4001 | D:4      | Found a runed translucent gate.
  4001 | D:4      | Found a runed translucent gate.
  4128 | D:4      | Reached ** piety under Cheibriados
  4130 | D:4      | Reached XP level 7. HP: 25/55 MP: 9/12
  4302 | D:4      | Learned a level 4 spell: Summon Ice Beast
  4528 | D:5      | Entered Level 5 of the Dungeon
  4552 | D:5      | Found a glowing drain.
  4620 | Sewer    | Entered a sewer
  4670 | Sewer    | Reached skill level 6 in Ice Magic
  4856 | D:5      | Reached *** piety under Cheibriados
  5050 | D:5      | Reached skill level 1 in Invocations
  5190 | D:5      | Found a staircase to the Ecumenical Temple.
  5248 | D:6      | Reached XP level 8. HP: 53/62 MP: 6/14
  5262 | D:6      | HP: 3/62 [wight/+1 trident (12)]
  5263 | D:6      | Slain by a wight

Skill      XL: |  1  2  3  4  5  6  7 |
---------------+----------------------+-----
Dodging        | 2 |  2.0
Ice Magic      | 4 5 6 |  6.5
Shields        | 1 2 |  2.5
Spellcasting   | 3 4 |  4.2
Conjurations   | 2 3 |  3.4
Invocations    | 1 |  1.7
Stealth        | |  3.0

Action                   |  1- 3 |  4- 6 |  7- 9 || total
-------------------------+-------+-------+-------++-------
Melee: Unarmed           |    19 |       |       ||    19
       Dagger            |     7 |     2 |       ||     9
       Mace              |       |    53 |    37 ||    90
 Cast: Freeze            |    29 |    56 |    29 ||   114
       Ozocubu's Armour  |       |     5 |     7 ||    12
       Throw Icicle      |       |       |     9 ||     9
 Abil: Spit Poison       |    32 |    32 |    20 ||    84
 Stab: Sleeping          |       |       |     1 ||     1
  Eat: Chunk             |     4 |     8 |     4 ||    16
Armor: Robe              |     5 |    41 |    26 ||    72
Dodge: Dodged            |    18 |    64 |    67 ||   149
Block: Buckler           |       |       |    15 ||    15
